 Dungeon Crawl Stone Soup version 0.22.0 (webtiles) character file.

112 Peloso the Shield-Bearer (level 4, -4/40 HPs)
             Began as a Minotaur Fighter on Aug 11, 2018.
             Killed by divine providence
             ... invoked by an orc priest
              (11 damage)
             ... on level 3 of the Dungeon.
             The game lasted 00:02:38 (1247 turns).

Peloso the Shield-Bearer (Minotaur Fighter)         Turns: 1247, Time: 00:02:39

Health: -4/40      AC:  7    Str: 19 (21) XL:     4   Next: 64%
Magic:  3/3        EV: 12    Int:  4 (5)  God:
Gold:   140        SH: 10    Dex: 14 (15) Spells: 3/3 levels left

rFire    . . .     SeeInvis .   a - +0 long sword
rCold    . . .     Gourm    .   c - +0 shield
rNeg     . . .     Faith    .   b - +0 scale mail
rPois    .         Spirit   .   (helmet restricted)
rElec    .         Reflect  .   (no cloak)
rCorr    .         Harm     .   (no gloves)
MR       .....                  (no boots)
Stlth    +.........             (no amulet)
HPRegen  0.13/turn              (no ring)
MPRegen  0.08/turn              (no ring)

@: agile, lethally poisoned (-4 -> -7), hasted, very quick
A: retaliatory headbutt, horns 2
a: no special abilities


You were on level 3 of the Dungeon.
You were not hungry.

You visited 1 branch of the dungeon, and saw 3 of its levels.

You collected 140 gold pieces.

Inventory:

Hand Weapons
 a - a +0 long sword (weapon)
Armour
 b - a +0 scale mail (worn)
 c - a +0 shield (worn)
Scrolls
 e - 3 scrolls of teleportation {unknown}
 g - 3 scrolls of identify {unknown}
 i - a scroll of immolation {unknown}
 l - a scroll of enchant weapon {unknown}
Potions
 d - 2 potions of might
 j - a potion of haste
Comestibles
 f - 8 rations
 m - 2 chunks of flesh


   Skills:
 + Level 4.0 Fighting
 + Level 4.2 Long Blades
 + Level 4.4 Armour
 + Level 0.5 Dodging
 + Level 4.4 Shields


You had 3 spell levels left.
You didn't know any spells.
Your spell library was empty.

Dungeon Overview and Level Annotations

Branches:
Dungeon (3/15)

Altars:
Uskayaw


Innate Abilities, Weirdness & Mutations

You reflexively headbutt those who attack you in melee.
You have a pair of horns on your head.


Message History

Items here: )) ††† a dagger of venom; a flail; a goblin corpse; an orc corpse; an adder corpse It was a potion of degeneration.
There was something very wrong with that liquid.
You feel weakened.
You feel dopey.
You feel clumsy.
You feel sick. The orc barely misses you. You furiously retaliate!
You headbutt the orc, but do no damage. You block the ooze's attack.
It was a potion of haste.
You feel yourself speed up. You block the orc's attack.
You block the ooze's attack. The orc hits you but does no damage.
It was a potion of agility.
You feel agile all of a sudden.
You feel sick. The orc barely misses you. The ooze hits you but does no damage.
The orc priest casts a cantrip, but nothing happens.
The orc hits you but does no damage.
You slash the orc!
You kill the orc!
The orc priest calls down the wrath of Beogh upon you.
Beogh smites you!
You die...

##.#.######.#
#<###......#
##.#.####.##
##.)....#
#.#####.# #.#
###.# #.)(#
#.#@#
#.#oJ..# .
o..#?#
.#.#..# #
....#..# ..[o
#>.# ... ...#
... #.#.


You could see an orc priest, an orc wizard, an ooze and an orc.

Vanquished Creatures
  An orc wizard (D:3)
  3 adders
  2 orcs (D:3)
  2 ball pythons
  A giant cockroach (D:2)
  5 goblins
  4 hobgoblins
  6 jackals
  6 kobolds
  A quokka (D:2)
  7 bats
  7 frilled lizards
  7 rats
52 creatures vanquished.

Notes
Turn   | Place    | Note
-------+----------+-------------------------------------------
     0 | D:1      | Peloso the Minotaur Fighter began the quest for the Orb.
     0 | D:1      | Reached XP level 1. HP: 19/19 MP: 0/0
   143 | D:1      | Reached XP level 2. HP: 25/27 MP: 1/1
   800 | D:2      | Reached XP level 3. HP: 29/33 MP: 2/2
   898 | D:2      | Found a hide-covered altar of Uskayaw.
  1216 | D:3      | Reached XP level 4. HP: 36/40 MP: 3/3
  1247 | D:3      | Killed from afar by an orc priest

Skill      XL: |  1  2  3 |
---------------+----------+-----
Armour         | 4 |  4.4
Long Blades    | 3 4 |  4.2
Shields        | 4 |  4.4
Fighting       | 4 |  4.0
Dodging        | |  0.5

Action                   |  1- 3 |  4- 6 || total
-------------------------+-------+-------++-------
Melee: Long sword        |    88 |    14 ||   102
       Headbutt          |    11 |     1 ||    12
  Use: Potion            |       |     3 ||     3
  Eat: Chunk             |       |     1 ||     1
Armor: Scale mail        |    45 |     7 ||    52
Dodge: Dodged            |    39 |     4 ||    43
Block: Shield            |    61 |    10 ||    71
       Rpst.: Long sword |     8 |       ||     8
